 Dungeon Crawl Stone Soup version 0.22-a0-447-gee5f723 (webtiles) character file.

114 Sergey the Ruffian (level 4, -4/35 HPs)
             Began as a Minotaur Transmuter on June 3, 2018.
             Slain by a gnoll (7 damage)
             ... on level 4 of the Dungeon.
             The game lasted 00:04:55 (685 turns).

Sergey the Ruffian (Minotaur Transmuter)             Turns: 685, Time: 00:04:56

Health: -4/35      AC:  4    Str: 14    XL:     4   Next: 67%
Magic:  4/5        EV: 12    Int: 11    God:
Gold:   132        SH:  0    Dex: 11    Spells: 2/5 levels left

rFire    . . .     SeeInvis .     - Unarmed
rCold    . . .     Gourm    .   (no shield)
rNeg     + . .     Faith    .   g - +2 robe {rN+}
rPois    .         Spirit   .   (helmet restricted)
rElec    .         Reflect  .   (no cloak)
rCorr    .         Harm     .   (no gloves)
MR       .....                  (boots currently unavailable)
Stlth    +.........             (no amulet)
HPRegen  0.11/turn              (no ring)
MPRegen  0.09/turn              (no ring)

@: appendage, very slightly contaminated
A: retaliatory headbutt, horns 2, talons 3
a: End Transformation


You were on level 4 of the Dungeon.
You were not hungry.
You had grown temporary talons.
You visited 1 branch of the dungeon, and saw 4 of its levels.

You collected 132 gold pieces.

Inventory:

Hand Weapons
 h - a +0 blowgun
 m - a +1 dagger of electrocution
Missiles
 a - 12 arrows
 f - 38 sling bullets
 i - 15 poisoned needles
 n - a throwing net (quivered) {!f}
Armour
 b - a +0 robe
 g - a +2 robe of positive energy (worn)
 k - a +0 ring mail
Scrolls
 l - a scroll of enchant weapon {unknown}
Potions
 e - a potion of curing {unknown}
 j - a potion of lignification
Comestibles
 c - 4 chunks of flesh
 d - 3 rations


   Skills:
 - Level 1.2 Fighting
 - Level 2.1 Dodging
 * Level 6.0 Unarmed Combat
 - Level 1.3 Spellcasting
 - Level 1.5 Transmutations


You had 2 spell levels left.
You knew the following spells:

 Your Spells              Type           Power        Failure   Level  Hunger
a - Beastly Appendage     Tmut           #.....       17%         1    ##.....
b - Sticks to Snakes      Tmut           #.......     26%         2    ###....

Your spell library contained the following spells:

 Spells                   Type           Power        Failure   Level  Hunger
 Spider Form              Tmut/Pois      #.........   56%         3    ####...
 Blade Hands              Tmut           #.........   99%         5    ######.
 Ice Form                 Ice/Tmut       #.......     92%         4    #####..


Dungeon Overview and Level Annotations

Branches:
Dungeon (4/15)
 Temple: D:4-7

Altars:

Annotations:
D:3 exclusion: downstairs


Innate Abilities, Weirdness & Mutations

You reflexively headbutt those who attack you in melee.
You have a pair of horns on your head.
You have claws for feet.


Message History

You furiously retaliate!
You headbutt the gnoll! You hit the gnoll but do no damage.
You kill the gnoll!
Your Unarmed Combat skill increases to level 6!
The gnoll hits you but does no damage.
You barely miss the gnoll. Your kick misses the gnoll.
The gnoll closely misses you. The gnoll hits you with a flail.
You hit the gnoll. You punch the gnoll, but do no damage.
The gnoll is heavily wounded.
The gnoll hits you!
You are too injured to fight recklessly!
You are too injured to fight recklessly!
You are too injured to fight recklessly!
You are too injured to fight recklessly!
You hit the gnoll.
The gnoll is almost dead.
The gnoll hits you with a flail!
* * * LOW HITPOINT WARNING * * *
The gnoll hits you!
You die...

... ....
....#
....#
.?...###
...
#...####
..#
#gg...#
...#
#@.####
....#
#..#
#.....
#..##
#......
#..##
.......
....
.......
......
....(..
..####.
......#
. ##
.......


You could see 2 gnolls.

Vanquished Creatures
  Jessica (D:3)
  A worker ant (D:3)
  A gnoll (D:4)
  2 adders (D:3)
  An ooze (D:3)
  2 worms (D:3)
  2 orcs (D:3)
  2 bats (D:3)
  4 goblins
  5 hobgoblins (D:3)
  3 kobolds (D:3)
  A ball python (D:3)
  A frilled lizard (D:2)
  A rat (D:3)
27 creatures vanquished.

Notes
Turn   | Place    | Note
-------+----------+-------------------------------------------
     0 | D:1      | Sergey the Minotaur Transmuter began the quest for the Orb.
     0 | D:1      | Reached XP level 1. HP: 16/16 MP: 1/1
    59 | D:3      | Noticed a worker ant
    63 | D:3      | Killed a worker ant
    63 | D:3      | Reached skill level 4 in Unarmed Combat
    63 | D:3      | Reached XP level 2. HP: 23/23 MP: 0/3
    69 | D:3      | Reached XP level 3. HP: 28/28 MP: 1/4
    72 | D:3      | Reached skill level 5 in Unarmed Combat
    96 | D:4      | Noticed an ogre
   215 | D:3      | Noticed Jessica
   225 | D:3      | Killed Jessica
   225 | D:3      | Reached XP level 4. HP: 8/35 MP: 3/5
   307 | D:3      | Learned a level 2 spell: Sticks to Snakes
   682 | D:4      | Reached skill level 6 in Unarmed Combat
   685 | D:4      | Slain by a gnoll

Vault maps used:
D:1:      lemuel_arrival_broad_hall
D:2:      uniq_natasha
D:3:      first_ration, uniq_jessica
D:4:      old_standard_altar, chequers_temple_overflow_statue_of_worship

Skill      XL: |  1  2  3  4 |
---------------+-------------+-----
Unarmed Combat | 4 5 6 |  6.0
Fighting       | |  1.2
Dodging        | |  2.1
Spellcasting   | |  1.3
Transmutations | |  1.5

Action                   |  1- 3 |  4- 6 || total
-------------------------+-------+-------++-------
Melee: Unarmed           |    36 |    39 ||    75
       Punch             |     1 |     1 ||     2
       Headbutt          |     4 |     5 ||     9
       Kick              |     2 |     3 ||     5
 Fire: Blowgun           |       |     1 ||     1
 Cast: Beastly Appendage |     6 |     7 ||    13
  Use: Potion            |     1 |       ||     1
 Stab: Distracted        |       |     1 ||     1
Armor: Skin              |    20 |       ||    20
       Robe              |       |     8 ||     8
Dodge: Dodged            |     9 |    16 ||    25

Table legend:
 A = Spawn XP
 B = Non-spawn XP
 C = Spawn XP percentage of total XP
 D = Spawn monster count
 E = Non-spawn monster count
 F = Spawn count percentage of total count
 G = Total turns spent on level
                    A         B        C        D         E        F      G
               +---------+---------+-------+---------+---------+-------+---------
         Total |       0 |     164 |   0.0 |       0 |      27 |   0.0 |   685
               +---------+---------+-------+---------+---------+-------+---------
           D:1 |       0 |       2 |   0.0 |       0 |       1 |   0.0 |    16
           D:2 |       0 |       3 |   0.0 |       0 |       2 |   0.0 |   137
           D:3 |       0 |     145 |   0.0 |       0 |      23 |   0.0 |   513
           D:4 |       0 |      14 |   0.0 |       0 |       1 |   0.0 |    19
               +---------+---------+-------+---------+---------+-------+---------
